 Dungeon Crawl Stone Soup version 0.30-a0-331-g8ab09dc110 (webtiles) character file.

Game seed: 16361108137244033615

207 p00ps00p the Trooper (level 5, -1/53 HPs)
             Began as a Hill Orc Fighter on Oct 30, 2022.
             Slain by an ogre
             ... wielding a +0 giant club
              (14 damage)
             ... on level 4 of the Dungeon.
             The game lasted 00:05:51 (2611 turns).

p00ps00p the Trooper (Hill Orc Fighter)             Turns: 2611, Time: 00:05:51

Health: -1/53      AC: 10    Str: 19    XL:     5   Next: 85%
Magic:  5/5        EV:  9    Int: 11    God:
Gold:   89         SH:  9    Dex: 12    Spells: 4/4 levels left

rFire   . . .      SeeInvis .    u - +7 whip "Itog" {flame, Int+3}
rCold   . . .      Faith    .    c - +0 buckler
rNeg    . . .      Spirit   .    b - +0 scale mail
rPois   .          Reflect  +    (no helmet)
rElec   .          Harm     .    (no cloak)
rCorr   +          Rampage  .    (no gloves)
Will    .....                    (no boots)
Stlth   ..........               k - amulet of reflection
HPRegen 0.28/turn                f - ring of resist corrosion
MPRegen 0.09/turn                s - +4 ring of protection

@: mighty
A: no striking features
a: no special abilities


You were on level 4 of the Dungeon.
You visited 1 branch of the dungeon, and saw 4 of its levels.

You collected 194 gold pieces.
You spent 105 gold pieces at shops.

Inventory:

Hand Weapons
 a - a +0 war axe
 u - the +7 whip "Itog" (weapon) {flame, Int+3}
   (You found it on level 3 of the Dungeon)

   It burns those it strikes, dealing additional fire damage.
   Int:       It affects your intelligence (+3).
Missiles
 m - 4 poisoned darts (quivered)
Armour
 b - a +0 scale mail (worn)
 c - a +0 buckler (worn)
Jewellery
 f - a ring of resist corrosion (left hand)
 k - an amulet of reflection (around neck)
 s - a +4 ring of protection (right hand)
 w - a ring of positive energy
Wands
 y - a wand of mindburst (20)
Scrolls
 h - a scroll of poison {unknown}
 i - a scroll of teleportation {unknown}
 j - a scroll of fog {unknown}
 o - a scroll of identify {unknown}
 q - a scroll of vulnerability {unknown}
 r - 2 scrolls of enchant weapon {unknown}
 t - a scroll of fear {unknown}
 x - a scroll of immolation {unknown}
 z - a scroll of amnesia {unknown}
Potions
 d - a potion of might
 e - 2 potions of magic {unknown}
 g - 2 potions of haste {unknown}
 l - 2 potions of brilliance {unknown}
 n - 4 potions of curing {unknown}
 p - a potion of degeneration {unknown}
 v - a potion of lignification {unknown}


   Skills:
 + Level 7.6 Fighting
 - Level 2.6 Axes
 - Level 3.2 Armour
 - Level 3.2 Shields


You had 4 spell levels left.
You didn't know any spells.
Your spell library contained the following spells:

 Spells                   Type           Power      Damage    Failure   Level
 Apportation              Tloc           0%         N/A       80%         1
 Beastly Appendage        Tmut           0%         N/A       80%         1
 Wereblood                Tmut           0%         N/A       91%         2
 Dazzling Flash           Conj/Hex       0%         N/A       99%         3
 Frozen Ramparts          Ice            0%         1d1       99%         3
 Spider Form              Tmut/Pois      0%         N/A       99%         3
 Ice Form                 Ice/Tmut       0%         N/A       100%        4
 Iskenderun's Mystic Bla  Conj/Tloc      0%         2d3       100%        4
 Summon Ice Beast         Ice/Summ       0%         N/A       100%        4
 Alistair's Intoxication  Tmut/Pois      0%         N/A       100%        5
 Starburst                Conj/Fire      0%         6d3       100%        6


Dungeon Overview and Level Annotations

Branches:
Dungeon (4/15)
 Temple: D:4-7

Altars:

Shops:
D:3 *

Annotations:
D:3 3 runed translucent doors, Encipher's ghost, amateur GrRe


Message History

You block the gnoll's attack.
You see here a +0 whip.
You closely miss the gnoll. The gnoll closely misses you.
You block the gnoll's attack.
You hit the gnoll. You burn the gnoll.
The gnoll is severely wounded.
The gnoll closely misses you. The gnoll hits you with a +0 club.
You closely miss the gnoll.
The gnoll is severely wounded.
The gnoll hits you but does no damage. The gnoll hits you with a +0 flail. x2
The gnoll hits you but does no damage.
You whack the gnoll! You burn the gnoll.
You kill the gnoll!
The gnoll hits you with a +0 club.
You see here a +0 flail.
You whack the gnoll! You burn the gnoll.
The gnoll is severely wounded.
The gnoll hits you but does no damage.
You whack the gnoll! You burn the gnoll.
You kill the gnoll!
Things that are here:
a +0 club; a gnoll corpse You start resting.
An ogre comes into view. It is wielding a +0 giant club.
You see here a +0 whip.
The ogre hits you with a +0 giant club!
* * * LOW HITPOINT WARNING * * *
You barely miss the ogre.
You feel very mighty all of a sudden. You block the ogre's attack.
The ogre barely misses you.
You see here a +0 whip.
Aiming: Mindburst
Press: ? - help, Q - select action, (/) - cycle Shift-Dir - straight line, f - ogre
Aim: an ogre, wielding a +0 giant club (chance to affect: 64%)
The ogre struggles to resist.
You block the ogre's attack. The ogre attacks as you move away!
You block the ogre's attack. The ogre attacks as you move away!
The ogre hits you with a +0 giant club!
You die...

.... #....# ..... #....####
..... ####....... +......
..##.....##### ##......
#####.##....# ... # .......
#.....##....##.##.# # #.####
###.....##....#.....#.# #.#.....
.......)#.....O@......# ......#
....###)##.........####. #.##..
. ##)...#..........#.###.....
#..###........##.#..<..##.#
.......####†###.#.###.###.####..
....>..............##<###.# #...
###########..####.......#.###.##
#..##.#.####..#...#.#
#.....#.#......##.#.#


You could see an ogre.

Vanquished Creatures
  6 gnolls (D:4)
  5 adders
  2 white imps (D:4)
  2 dart slugs
  5 orcs
  A bat (D:1)
  12 endoplasms
  3 giant cockroaches
  10 goblins
  4 hobgoblins
  2 jackals (D:1)
  2 quokkas (D:1)
  6 ball pythons
  3 frilled lizards
  7 kobolds
  7 rats
77 creatures vanquished.

Notes
Turn   | Place    | Note
-------+----------+-------------------------------------------
     0 | D:1      | p00ps00p the Hill Orc Fighter began the quest for the Orb.
     0 | D:1      | Reached XP level 1. HP: 19/19 MP: 1/1
    88 | D:1      | Reached skill level 4 in Fighting
    99 | D:1      | Reached XP level 2. HP: 26/27 MP: 2/2
   436 | D:1      | Reached skill level 5 in Fighting
   436 | D:1      | Reached XP level 3. HP: 36/36 MP: 3/3
   999 | D:2      | Found a faded altar of an unknown god.
  1001 | D:2      | Noticed a golden eye
  1002 | D:2      | Noticed a shining eye
  1003 | D:2      | Noticed a golden eye
  1003 | D:2      | Noticed a floating eye
  1334 | D:2      | Reached XP level 4. HP: 35/44 MP: 4/4
  1519 | D:3      | Reached skill level 6 in Fighting
  1583 | D:3      | Found Wenaunou's Assorted Antiques.
  1592 | D:3      | Bought a scratched copper ring for 105 gold pieces
  1845 | D:3      | Identified the +7 whip "Itog" {flame, Int+3}
  1943 | D:3      | Found a runed translucent gate.
  1943 | D:3      | Found a runed translucent gate.
  1944 | D:3      | Found a runed translucent gate.
  1947 | D:3      | Noticed Encipher's ghost (amateur GrRe)
  2359 | D:4      | Reached XP level 5. HP: 51/51 MP: 5/5
  2391 | D:4      | Reached skill level 7 in Fighting
  2594 | D:4      | Noticed an ogre
  2611 | D:4      | Slain by an ogre

Illustrated notes

Levels and vault maps discovered:
D:1:      scummos_arrival_hexagon, layout_loops_ring, grunt_decor_one_mirror,
          minmay_tetromino_i2
D:2:      layout_basic, hellmonk_ecumenical_altar_watching_god, minivault_23,
          chequers_serial_rivers_small_3
D:3:      layout_loops_cross, serial_shops, shop, ebering_ghost_rock_garden
D:4:      layout_basic, grunt_tough_drop, uniq_grinder

Skill      XL: |  1  2  3  4  5 |
---------------+----------------+-----
Fighting       | 4 5 6 7 |  7.6
Axes           | |  2.6
Armour         | |  3.2
Shields        | |  3.2

Action                   |  1- 3 |  4- 6 || total
-------------------------+-------+-------++-------
Melee: War axe           |   102 |    32 ||   134
       Whip              |       |    62 ||    62
Evoke: Wand              |       |     1 ||     1
  Use: Potion            |       |     1 ||     1
Armor: Scale mail        |    40 |    33 ||    73
Dodge: Dodged            |    39 |    53 ||    92
Block: Buckler           |    40 |    62 ||   102
       Reflection        |     1 |       ||     1

Table legend: (Time is in decaauts)
 A = Elapsed time spent in this place.
 B = Non-inter-level travel time spent in this place.
 C = Inter-level travel time spent in this place.
 D = Time resting spent in this place.
 E = Time spent auto-exploring this place.
 F = Levels seen in this place.
 G = Mean time per level.
                   A        B        C        D        E       F      G
               +--------+--------+--------+--------+--------+-----+--------+
         Total |   2673 |   2582 |     91 |    103 |   1776 |   4 |  668.2 |
       Dungeon |   2673 |   2582 |     91 |    103 |   1776 |   4 |  668.2 |
               +--------+--------+--------+--------+--------+-----+--------+

Top non-repeatable levels by time:
     D:1: 859 daAuts
     D:3: 744 daAuts
     D:2: 665 daAuts
     D:4: 405 daAuts
